 Dungeon Crawl Stone Soup version 0.25-a0-578-gc91f01c39c (webtiles) character file.

Game seed: 533541461576769049, levelgen mode: deterministic

121 KiliKikkendorf the Firebug (level 5, -17/40 HPs)
             Began as a Hill Orc Fire Elementalist on Mar 7, 2020.
             Was an Initiate of Vehumet.
             Demolished by a polar bear (20 damage)
             ... created by the rage of Trog
             ... on level 4 of the Dungeon.
             The game lasted 00:25:41 (3038 turns).

KiliKikkendorf the Firebug (HOFE)                   Turns: 3038, Time: 00:25:42

Health: -17/40     AC:  2    Str:  8 (12) XL:     5   Next: 5%
Magic:  5/7        EV: 12    Int: 12 (15) God:    Vehumet [......]
Gold:   101        SH:  0    Dex: 13      Spells: 6/7 levels left

rFire    . . .     SeeInvis .   e - +2 dagger (protect)
rCold    . . .     Gourm    .   (no shield)
rNeg     . . .     Faith    .   j - +0 robe
rPois    +         Spirit   .   (no helmet)
rElec    .         Reflect  .   (no cloak)
rCorr    .         Harm     .   (no gloves)
MR       .....                  (no boots)
Stlth    ++........             (no amulet)
HPRegen  0.13/turn              (no ring)
MPRegen  0.10/turn              (no ring)

@: slowed, very slow
A: agile 1, poison resistance
a: Renounce Religion


You were on level 4 of the Dungeon.
You worshipped Vehumet.
Vehumet was noncommittal.
You were not hungry.

You visited 1 branch of the dungeon, and saw 4 of its levels.

You collected 101 gold pieces.

Inventory:

Hand Weapons
 b - a +0 hand axe
 e - a +2 dagger of protection (weapon)
 g - a +0 hunting sling
Missiles
 a - 15 sling bullets
 i - 42 stones (quivered)
Armour
 j - a +0 robe (worn)
Scrolls
 f - 6 scrolls of remove curse
 h - 3 scrolls of identify
 l - a scroll of blinking
Potions
 d - 4 potions of curing
Comestibles
 c - 2 rations


   Skills:
 + Level 1.4 Fighting
 + Level 1.0 Short Blades
 * Level 2.7 Axes
 + Level 2.0 Dodging
 + Level 2.2 Stealth
 + Level 1.9 Spellcasting
 + Level 1.6 Conjurations
 + Level 3.6 Fire Magic


You had 6 spell levels left.
You knew the following spells:

 Your Spells              Type           Power        Failure   Level  Hunger
a - Foxfire               Conj/Fire      #...         10%         1    ##.....

Your spell library contained the following spells:

 Spells                   Type           Power        Failure   Level  Hunger
 Conjure Flame            Conj/Fire      #.......     28%         3    ####...
 Inner Flame              Hex/Fire       #.......     36%         3    ####...
 Sticky Flame             Conj/Fire      #.......     67%         4    #####..
 Fireball                 Conj/Fire      #.........   95%         5    ######.


Dungeon Overview and Level Annotations

Branches:
Dungeon (4/15)
 Temple: D:4-7

Altars:
Ashenzari
Makhleb
Nemelex Xobeh
Trog
Vehumet


Innate Abilities, Weirdness & Mutations

You are agile. (Dex +2)
Your system is resistant to poisons. (rPois)


Message History

You hear an angry growl.
The howler monkey hoots and howls with incredible vigour!
The black bear rages.
You hear an angry growl.
You hear an angry hiss.
You hear a shout!
The black bear rages.
You hear an angry growl.
The howler monkey closely misses you.
The black bear rages. x2
The polar bear bites you!!
Ouch! That really hurt!
* * * LOW HITPOINT WARNING * * *
The polar bear claws you but does no damage.
The polar bear claws you.
* * * LOW HITPOINT WARNING * * *
The black bear rages.
You hear an angry hiss.
You hear an angry growl.
The polar bear bites you!!
Ouch! That really hurt!
You die...

#.. #.# #.## .# ... .#
#.# .# ###.#### .#
####### #......# .#
#....h# #.#@# .##
#.###.###$#h##.##.
..####.#...h...h........
.........#.###h##.#.##.#
######.###.# #.# .# # #
#.# #.# #.. .. #.. ..#
###..## ####### ..# ..


You could see a polar bear (berserk) and 2 black bears.

Vanquished Creatures
  5 adders
  2 worms (D:2)
  A dart slug (D:1)
  4 leopard geckos
  4 orcs
  7 bats
  2 giant cockroaches (D:1)
  6 goblins
  6 hobgoblins
  6 jackals
  2 ball pythons
  4 frilled lizards
  6 kobolds
  2 rats
57 creatures vanquished.

Vanquished Creatures (others)
  116 foxfires
116 creatures vanquished.

Grand Total: 173 creatures vanquished

Notes
Turn   | Place    | Note
-------+----------+-------------------------------------------
     0 | D:1      | KiliKikkendorf the Hill Orc Fire Elementalist began the
                  | quest for the Orb.
     0 | D:1      | Reached XP level 1. HP: 14/14 MP: 3/3
   416 | D:1      | Reached XP level 2. HP: 22/22 MP: 2/4
   685 | D:1      | Reached skill level 1 in Axes
   711 | D:1      | Reached XP level 3. HP: 27/27 MP: 1/5
  1125 | D:1      | Reached skill level 1 in Fighting
  1455 | D:2      | Found a faded altar of an unknown god.
  1481 | D:2      | Gained mutation: Your system is resistant to poisons.
                  | (rPois) [potion of mutation]
  1481 | D:2      | Gained mutation: You are agile. (Dex +2) [potion of
                  | mutation]
  1495 | D:2      | Reached XP level 4. HP: 20/35 MP: 1/6
  1629 | D:2      | Found a burning altar of Makhleb.
  1629 | D:2      | Noticed a green death
  1637 | D:2      | Noticed a ynoxinul
  1637 | D:2      | Noticed a neqoxec
  1793 | D:2      | Became a worshipper of Trog the Wrathful
  1793 | D:2      | Reached * piety under Trog
  1897 | D:2      | Fell from the grace of Trog
  1897 | D:2      | Became a worshipper of Makhleb the Destroyer
  2292 | D:3      | Reached skill level 1 in Short Blades
  2541 | D:3      | Reached XP level 5. HP: 40/40 MP: 0/7
  2647 | D:3      | Found a shattered altar of Ashenzari.
  2663 | D:3      | Found a sparkling altar of Nemelex Xobeh.
  2674 | D:3      | Found a radiant altar of Vehumet.
  2685 | D:3      | Fell from the grace of Makhleb
  2685 | D:3      | Became a worshipper of Vehumet
  2817 | D:4      | Noticed a polar bear
  2817 | D:4      | Noticed a black bear
  2817 | D:4      | Noticed a black bear
  2817 | D:4      | Noticed a black bear
  3006 | D:3      | You fall into a shaft and drop 1 floor!
  3033 | D:4      | Noticed a black bear
  3033 | D:4      | Noticed a polar bear
  3033 | D:4      | Noticed a black bear
  3033 | D:4      | Noticed a black bear
  3033 | D:4      | Noticed a black bear
  3038 | D:4      | Demolished by a polar bear

Levels and vault maps discovered:
D:1:      psy_arrival_radial01, layout_basic
D:2:      layout_basic, chequers_ecumenical_altar_simple,
          makhleb_altar_promises_db
D:3:      layout_basic, minmay_overflow_temple_star_quad
D:4:      layout_loops_cross, tso_altar, minmay_temple_entry_antechambers,
          enter_ossuary_1

Skill      XL: |  1  2  3  4 |
---------------+-------------+-----
Axes           | 1 2 |  2.7
Fighting       | 1 |  1.4
Stealth        | 2 |  2.2
Dodging        | 2 |  2.0
Short Blades   | 1 |  1.0
Spellcasting   | |  1.9
Conjurations   | |  1.6
Fire Magic     | |  3.6

Action                   |  1- 3 |  4- 6 || total
-------------------------+-------+-------++-------
Melee: Dagger            |    47 |    95 ||   142
       Hand axe          |     4 |       ||     4
 Cast: Foxfire           |    42 |    39 ||    81
  Use: Potion            |     7 |     1 ||     8
       Scroll            |     4 |     2 ||     6
  Eat: Ration            |     1 |     2 ||     3
       Chunk             |       |     1 ||     1
Armor: Robe              |    15 |    28 ||    43
Dodge: Dodged            |    41 |    73 ||   114

Table legend:
 A = Non-vault XP
 B = Vault XP
 C = Vault XP percentage of total XP
 D = Non-vault monster count
 E = Vault monster count
 F = Vault count percentage of total count
                 A         B        C        D         E       F
            +---------+---------+-------+---------+---------+-------
      Total |     173 |       0 |   0.0 |      57 |       0 |   0.0
            +---------+---------+-------+---------+---------+-------
        D:1 |      64 |       0 |   0.0 |      22 |       0 |   0.0
        D:2 |      67 |       0 |   0.0 |      20 |       0 |   0.0
        D:3 |      39 |       0 |   0.0 |      14 |       0 |   0.0
        D:4 |       3 |       0 |   0.0 |       1 |       0 |   0.0
            +---------+---------+-------+---------+---------+-------
